 Dungeon Crawl Stone Soup version 0.28-a0-793-g31680bbd8b (webtiles) character file.

Game seed: 10954126597138666985

103 funkygono the Firebug (level 4, -7/24 HPs)
             Began as a Gargoyle Fire Elementalist on Nov 4, 2021.
             Killed by divine providence
             ... invoked by an orc priest
              (15 damage)
             ... on level 2 of the Dungeon.
             The game lasted 00:03:36 (1870 turns).

funkygono the Firebug (Gargoyle Fire Elementalist)  Turns: 1870, Time: 00:03:37

Health: -7/24      AC:  6    Str: 12    XL:     4   Next: 79%
Magic:  0/8        EV: 12    Int: 16    God:
Gold:   70         SH:  0    Dex: 10    Spells: 2/8 levels left

rFire   . . .      SeeInvis .   i - +0 flail
rCold   . . .      Faith    .   (no shield)
rNeg    + . .      Spirit   .   a - +0 robe
rPois   ∞          Reflect  .   (no helmet)
rElec   +          Harm     .   (no cloak)
rCorr   .          Rampage  .   (no gloves)
Will    .....                   h - +0 pair of boots
Stlth   ++........              (no amulet)
HPRegen 0.08/turn               (no ring)
MPRegen 0.11/turn               (no ring)

@: no status effects
A: sickness immunity, AC +3, negative energy resistance 1, electricity
resistance, torment resistance 1, petrification resistance
a: no special abilities


You were on level 2 of the Dungeon.
You visited 1 branch of the dungeon, and saw 2 of its levels.

You collected 70 gold pieces.

Inventory:

Hand Weapons
 i - a +0 flail (weapon)
 j - a +0 whip
Missiles
 b - 66 stones
Armour
 a - a +0 robe (worn)
 h - a +0 pair of boots (worn)
Scrolls
 d - a scroll of fear {unknown}
 e - a scroll of enchant weapon {unknown}
 g - a scroll of amnesia {unknown}
Potions
 c - 3 potions of degeneration {unknown}
 f - a potion of brilliance {unknown}


   Skills:
 + Level 0.1 Fighting
 * Level 2.2 Dodging
 - Level 2.1 Stealth
 * Level 2.8 Spellcasting
 * Level 1.9 Conjurations
 * Level 4.0 Fire Magic


You had 2 spell levels left.
You knew the following spells:

 Your Spells              Type           Power      Damage    Failure   Level
a - Foxfire               Conj/Fire      44%        2x1d6     5%          1
b - Scorch                Fire           30%        2d7       5%          2
c - Conjure Flame         Conj/Fire      11%        6-21      17%         3

Your spell library contained the following spells:

 Spells                   Type           Power      Damage    Failure   Level
 Inner Flame              Hex/Fire       8%         N/A       26%         3
 Flame Wave               Conj/Fire      11%        3d4       50%         4


Dungeon Overview and Level Annotations

Branches:
Dungeon (2/15)

Altars:


Innate Abilities, Weirdness & Mutations

You are immune to sickness and miasma.
Your stone body is resilient. (AC +3)
You are immune to poison.
You resist negative energy. (rN+)
You are resistant to electric shocks. (rElec)
You are resistant to unholy torment.
You are immune to petrification.


Message History

You conjure some foxfire!
The foxfire hits the orc priest.
The orc priest is heavily wounded.
The foxfire hits the orc priest.
The orc priest is severely wounded.
The orc priest looks encouraged for a moment.
The foxfire hits the orc priest.
The orc priest is almost dead.
Your foxfire dissipates!
Casting: Foxfire (safe; 6% risk of failure)
Confirm with . or Enter, or press ? or * to list all spells.
You conjure some foxfire!
The orc priest looks encouraged for a moment.
Unknown command.
Casting: Foxfire (safe; 6% risk of failure)
Confirm with . or Enter, or press ? or * to list all spells.
You don't have enough magic to cast this spell.
The foxfire hits the orc priest but does no damage.
The orc priest is almost dead.
The foxfire hits the orc priest.
You kill the orc priest!
Your Fire Magic skill increases to level 4!
The foxfire hits the orc priest but does no damage.
Your foxfire dissipates!
The orc priest mumbles some strange prayers to Beogh against you.
Pain shoots through your body!
You see here a frilled lizard skeleton.
The orc priest casts a cantrip, but nothing happens.
Casting: Foxfire (safe; 5% risk of failure)
Confirm with . or Enter, or press ? or * to list all spells.
You conjure some foxfire!
The foxfire hits the orc priest but does no damage.
The foxfire hits the orc priest but does no damage.
The orc priest casts a cantrip, but nothing happens.
Casting: Foxfire (safe; 5% risk of failure)
Confirm with . or Enter, or press ? or * to list all spells.
You conjure some foxfire!
The orc priest mumbles some strange prayers to Beogh against you.
Beogh smites you!
Ouch! That really hurt!
You die...

.#.###...#)..##
..##..#.#÷..#
#.#..##.#<).#
#.#.##..#..<#
###.###....†......#
...........##....##
......#...###.#...#
###..##.#.# #.#v#.#
..........###.#@#..#
##......####...v##.#
#.##..........## .#
.. ##.........#
#....o.....#
#...÷##..#.#
##..........#
##...#.......#
#...#..##....#


You could see an orc priest (ally target).

Vanquished Creatures
  An orc priest (D:2)
  3 gnolls (D:2)
  2 adders (D:2)
  A dart slug (D:1)
  An orc (D:2)
  A ball python (D:1)
  3 endoplasms
  A giant cockroach (D:1)
  A goblin (D:2)
  2 hobgoblins
  4 jackals (D:1)
  2 frilled lizards
  2 kobolds
  2 rats (D:1)
26 creatures vanquished.

Vanquished Creatures (others)
  102 foxfires
102 creatures vanquished.

Grand Total: 128 creatures vanquished

Notes
Turn   | Place    | Note
-------+----------+-------------------------------------------
     0 | D:1      | funkygono the Gargoyle Fire Elementalist began the quest
                  | for the Orb.
     0 | D:1      | Reached XP level 1. HP: 10/10 MP: 3/3
   631 | D:1      | Reached XP level 2. HP: 13/15 MP: 0/5
   995 | D:1      | Learned a level 2 spell: Scorch
  1130 | D:1      | Found a faded altar of an unknown god.
  1511 | D:2      | Reached XP level 3. HP: 19/19 MP: 1/6
  1644 | D:2      | Reached XP level 4. HP: 19/24 MP: 1/7
  1651 | D:2      | Learned a level 3 spell: Conjure Flame
  1858 | D:2      | Reached skill level 4 in Fire Magic
  1870 | D:2      | Killed from afar by an orc priest

Illustrated notes

Levels and vault maps discovered:
D:1:      nicolae_arrival_somewhat_less_tricky_arrival, layout_basic,
          hellmonk_ecumenical_altar_pennies_from_heaven, nrook_mini_vaults
D:2:      layout_rooms, ebering_dispersal_statue_hall, grunt_decor_one_mirror,
          minmay_misc_feat_enclosed

Skill      XL: |  1  2  3  4 |
---------------+-------------+-----
Dodging        | 2 |  2.2
Fire Magic     | 4 |  4.0
Fighting       | |  0.1
Stealth        | |  2.1
Spellcasting   | |  2.8
Conjurations   | |  1.9

Action                   |  1- 3 |  4- 6 || total
-------------------------+-------+-------++-------
Melee: Unarmed           |     3 |       ||     3
       Flail             |     4 |     1 ||     5
 Cast: Foxfire           |    44 |    16 ||    60
       Scorch            |     3 |     1 ||     4
Armor: Robe              |    15 |     1 ||    16
Dodge: Dodged            |    49 |       ||    49

Table legend: (Time is in decaauts)
 A = Elapsed time spent in this place.
 B = Non-inter-level travel time spent in this place.
 C = Inter-level travel time spent in this place.
 D = Time resting spent in this place.
 E = Time spent auto-exploring this place.
 F = Levels seen in this place.
 G = Mean time per level.
                   A        B        C        D        E       F      G
               +--------+--------+--------+--------+--------+-----+--------+
         Total |   1873 |   1840 |     33 |     39 |   1435 |   2 |  936.5 |
       Dungeon |   1873 |   1840 |     33 |     39 |   1435 |   2 |  936.5 |
               +--------+--------+--------+--------+--------+-----+--------+

Top non-repeatable levels by time:
     D:1: 1479 daAuts
     D:2: 393 daAuts
